 Dungeon Sprint DCSS version 0.30-a0-626-gd6a5dd7a1f (webtiles) character file.

Game seed: 10793413319404682335

557 BigDaddyOpFi the Cleaver (level 7, 0/71 HPs)
             Began as a Hill Orc Fighter on Jan 11, 2023.
             Was a Follower of Fedhas.
             Slain by a vampire (9 damage)
             ... in the Dungeon (Sprint IX: "|||||||||||||||||||||||||||||").
             The game lasted 00:01:11 (385 turns).

BigDaddyOpFi the Cleaver (Hill Orc Fighter)          Turns: 385, Time: 00:01:11

Health: 0/71       AC: 16    Str: 27    XL:     7   Next: 30%
Magic:  7/7        EV:  7    Int:  8    God:    Fedhas [*.....]
Gold:   0          SH:  6    Dex: 10    Spells: 6/6 levels left

rFire   . . .      SeeInvis .    m - +3 war axe (freeze)
rCold   . . .      Faith    .    c - +0 buckler
rNeg    . . .      Spirit   .    o - +0 plate armour
rPois   .          Reflect  .    (no helmet)
rElec   .          Harm     .    a - +0 cloak
rCorr   .          Rampage  .    (no gloves)
Will    .....      NoTele   +    n - +0 pair of boots Stlth
                                 (no amulet)
HPRegen 0.31/turn                p - +3 ring of strength
MPRegen 0.10/turn                q - +3 ring of strength

@: no status effects
A: no striking features
a: Renounce Religion


You were in the Dungeon.
You worshipped Fedhas.
Fedhas was aware of your devotion.
You visited 1 branch

Inventory:

Hand Weapons
 m - a +3 war axe of freezing (weapon)
Armour
 a - a +0 cloak (worn)
 c - a +0 buckler (worn)
 n - a +0 pair of boots (worn)
 o - a +0 plate armour (worn)
Jewellery
 p - a +3 ring of strength (left hand)
 q - a +3 ring of strength (right hand)
Wands
 l - a wand of quicksilver (9) (quivered)
Scrolls
 j - 2 scrolls of blinking
 k - 2 scrolls of amnesia
Potions
 d - a potion of invisibility
 e - 2 potions of curing
 g - a potion of haste
 h - 4 potions of magic
 i - a potion of berserk rage


   Skills:
 + Level 9.9 Fighting
 + Level 10.3 Axes
 + Level 9.0 Armour
 + Level 9.0 Shields


You had 6 spell levels left.
You didn't know any spells.
Your spell library was empty.

Dungeon Overview and Level Annotations

Branches:
Dungeon (1/1)

Altars:
Cheibriados
Dithmenos
Elyvilon
Fedhas
Gozag
Hepliaklqana
Kikubaaqudgha
Makhleb
Nemelex Xobeh
Okawaru
Qazlal
Ru
Sif Muna
Trog
Uskayaw
Vehumet
Wu Jian
Xom
Yredelemnul
Zin
The Shining One
Beogh
Jiyva
Lugonu


Message History

The vampire flickers and vanishes!
Deactivating autopickup; reactivate with Ctrl-A.
You bump into the unnaturally hard rock wall.
You bump into the unnaturally hard rock wall.
Something hits you.
* * * LOW HITPOINT WARNING * * *
Something bites you!
* * * LOW HITPOINT WARNING * * *
Something draws strength from your injuries!
You feel much better. Something hits you.
Something bites you but does no damage.
You bump into the unnaturally hard rock wall.
Something hits you but does no damage. Something bites you.
* * * LOW HITPOINT WARNING * * *
Something draws strength from your injuries!
You bump into the unnaturally hard rock wall.
Something hits you but does no damage. Something bites you.
* * * LOW HITPOINT WARNING * * *
Something draws strength from your injuries!
You slash something!
You hear some strange, mumbled words.
You are more confused.
You are too confused!
You completely miss something. Something hits you.
* * * LOW HITPOINT WARNING * * *
Something bites you but does no damage.
You're too confused to move!
Something hits you but does no damage. Something bites you.
* * * LOW HITPOINT WARNING * * *
Something draws strength from your injuries!
You miss something. Something hits you.
* * * LOW HITPOINT WARNING * * *
Something bites you!
* * * LOW HITPOINT WARNING * * *
Something draws strength from your injuries!
You are too confused!
You are too confused!
You feel better. Something hits you!
You die...
Fedhas appreciates your contribution to the ecosystem. ▓▓▓▓▓▓▓▓▓▓▓▓▓▓▓▓▓▓▓▓▓▓▓▓▓▓ _________'..)...@{[)...... ▓▓▓▓▓▓▓▓▓▓▓▓▓▓▓▓▓▓▓▓▓▓▓▓▓▓

There were no monsters in sight!

Vanquished Creatures
  A komodo dragon (D)
  A necrophage (D)
  2 killer bees (D)
  2 howler monkeys (D)
  2 iguanas (D)
  An orc wizard (D)
  An orc (D)
  A bat (D)
  A goblin (D)
  A hobgoblin (D)
  A frilled lizard (D)
  A rat (D)
15 creatures vanquished.

Notes
Turn   | Place    | Note
-------+----------+-------------------------------------------
     0 | D        | BigDaddyOpFi the Hill Orc Fighter began the quest for the
                  | Orb.
     0 | D        | Reached XP level 1. HP: 19/19 MP: 1/1
    11 | D        | Reached skill level 3 in Axes
    52 | D        | Noticed a necrophage
    52 | D        | Noticed an iguana
    52 | D        | Noticed a howler monkey
    52 | D        | Noticed an iguana
    63 | D        | Killed a necrophage
    64 | D        | Reached skill level 5 in Fighting
    64 | D        | Reached skill level 5 in Axes
    64 | D        | Reached skill level 5 in Armour
    64 | D        | Reached skill level 5 in Shields
    64 | D        | Reached XP level 2. HP: 18/30 MP: 2/2
    64 | D        | Reached XP level 3. HP: 22/37 MP: 3/3
    64 | D        | Reached XP level 4. HP: 26/44 MP: 4/4
    66 | D        | Reached skill level 6 in Axes
    69 | D        | Reached XP level 5. HP: 27/51 MP: 5/5
    72 | D        | Reached skill level 7 in Axes
   274 | D        | Found a roughly hewn altar of Beogh.
   274 | D        | Found a snail-covered altar of Cheibriados.
   274 | D        | Found a shadowy altar of Dithmenos.
   274 | D        | Found a white marble altar of Elyvilon.
   274 | D        | Found a blossoming altar of Fedhas.
   274 | D        | Found an opulent altar of Gozag.
   275 | D        | Found a hazy altar of Hepliaklqana.
   276 | D        | Found a viscous altar of Jiyva.
   277 | D        | Found an ancient bone altar of Kikubaaqudgha.
   278 | D        | Found a corrupted altar of Lugonu.
   279 | D        | Found a burning altar of Makhleb.
   280 | D        | Found a sparkling altar of Nemelex Xobeh.
   281 | D        | Became a worshipper of Fedhas Madash
   282 | D        | Found an iron altar of Okawaru.
   283 | D        | Found a stormy altar of Qazlal.
   284 | D        | Found a sacrificial altar of Ru.
   285 | D        | Found a shimmering blue altar of Sif Muna.
   286 | D        | Found a bloodstained altar of Trog.
   287 | D        | Found a hide-covered altar of Uskayaw.
   288 | D        | Found a radiant altar of Vehumet.
   289 | D        | Found an ornate altar of the Wu Jian Council.
   290 | D        | Found a shimmering altar of Xom.
   291 | D        | Found a basalt altar of Yredelemnul.
   292 | D        | Found a glowing silver altar of Zin.
   293 | D        | Found a glowing golden altar of the Shining One.
   346 | D        | Noticed a komodo dragon
   346 | D        | Noticed a vampire
   348 | D        | Reached skill level 8 in Axes
   353 | D        | Reached XP level 6. HP: 47/61 MP: 6/6
   355 | D        | Reached * piety under Fedhas
   359 | D        | Reached skill level 9 in Axes
   363 | D        | HP: 2/62 [komodo dragon (20)]
   365 | D        | Killed a komodo dragon
   366 | D        | Reached skill level 10 in Axes
   366 | D        | Reached XP level 7. HP: 21/71 MP: 7/7
   384 | D        | HP: 3/71 [something (8)]
   385 | D        | Slain by a vampire

Illustrated notes

Levels and vault maps discovered:
D:        linesprint [early_d, line_temple, items_1, d_10, items_2, lair_1,
          lair_end, items_3, orc_1, orc_end, items_4, d_15, swamp_1, shoals_1,
          snake_1, spider_1, d_20, vaults_1, items_5, swamp_end, shoals_end,
          snake_end, spider_end, vaults_end, d_27, items_6, zot_1, zot_end,
          crypt_end, forest_end, elf_end, slime_end, tomb_end, abyss_end,
          pan_hell_end]

Skill      XL: |  1  2  3  4  5  6 |
---------------+-------------------+-----
Axes           | 5 6 8 10 | 10.3
Fighting       | 5 6 8 9 |  9.9
Armour         | 5 6 7 9 |  9.0
Shields        | 5 6 7 9 |  9.0

Action                   |  1- 3 |  4- 6 |  7- 9 || total
-------------------------+-------+-------+-------++-------
Melee: War axe           |    29 |    28 |     8 ||    65
Evoke: Wand              |       |     1 |       ||     1
  Use: Potion            |     2 |     1 |     4 ||     7
Armor: Scale mail        |    14 |     3 |       ||    17
       Plate armour      |       |     8 |     8 ||    16
Dodge: Dodged            |    13 |     7 |     1 ||    21
Block: Buckler           |     4 |     3 |     1 ||     8

Table legend: (Time is in decaauts)
 A = Elapsed time spent in this place.
 B = Non-inter-level travel time spent in this place.
 C = Inter-level travel time spent in this place.
 D = Time resting spent in this place.
 E = Time spent auto-exploring this place.
 F = Levels seen in this place.
 G = Mean time per level.
                   A        B        C        D        E       F      G
               +--------+--------+--------+--------+--------+-----+--------+
         Total |    398 |    398 |      0 |    216 |      0 |   1 |  398.0 |
       Dungeon |    398 |    398 |      0 |    216 |      0 |   1 |  398.0 |
               +--------+--------+--------+--------+--------+-----+--------+

Top non-repeatable levels by time:
       D: 398 daAuts
